 Dungeon Crawl Stone Soup version 0.17-a0-1133-gfb1399f (webtiles) character file.

8995 Fluffy the Cleaver (level 11, -16/103 HPs)
             Began as a Hill Orc Fighter on May 25, 2015.
             Was an Elder of Okawaru.
             Demolished by an orc warrior
             ... wielding a +0 glaive
             ... led by an orc knight
              (26 damage)
             ... on level 2 of the Orcish Mines.
             The game lasted 00:35:12 (12375 turns).

Fluffy the Cleaver (Hill Orc Fighter)              Turns: 12375, Time: 00:35:13

Health: -16/103    AC: 26    Str: 27    XL:     11   Next: 39%
Magic:  16/16      EV: 17    Int:  5    God:    Okawaru [****..]
Gold:   950        SH:  0    Dex: 18    Spells: 0 memorised, 10 levels left

rFire  + + .     SeeInvis +     F - +1 battleaxe (vamp)
rCold  x . .     Clarity  .     a - +3 chain mail {rF+}
rNeg   . . .     SustAt   .     (no shield)
rPois  +         Gourm    .     x - +2 helmet {SInv}
rElec  .         Spirit   .     f - +1 cloak
rCorr  +         Warding  .     o - +1 pair of gloves of Minor Irritation {+Fly rPois Str+2 Int-3}
rMut   .         Stasis   .     (no boots)
MR     .....                    u - amulet of resist corrosion
Stlth  +.........               s - +1 ring of protection
                                b - ring of fire

@: mighty, agile, heroism, drained, not resistant to hostile enchantments, very
unstealthy
A: no striking features
a: Heroism, Renounce Religion, Evoke Flight


You were on level 2 of the Orcish Mines.
You worshipped Okawaru.
Okawaru was greatly pleased with you.
You were not hungry.

You visited 3 branches of the dungeon, and saw 13 of its levels.
You also visited: Ossuary.

You collected 1094 gold pieces.
You spent 144 gold pieces at shops.

Inventory:

Hand weapons
 F - a +1 vampiric battleaxe (weapon)
Armour
 a - a +3 chain mail of fire resistance (worn)
 f - a +1 cloak (worn)
 o - the +1 pair of gloves of Minor Irritation (worn) {+Fly rPois Str+2 Int-3}
   (You acquired it on level 8 of the Dungeon)

   It affects your strength (+2).
   It affects your intelligence (-3).
   It protects you from poison.
   It lets you fly.
 x - a +2 helmet of see invisible (worn)
Jewellery
 b - a ring of fire (left hand)
 q - an uncursed ring of sustain attributes
 s - a +1 ring of protection (right hand)
 u - an amulet of resist corrosion (around neck)
Magical devices
 g - a wand of fireball (7)
 m - a wand of confusion (18)
 n - a wand of disintegration (16)
 v - a wand of polymorph (1)
 A - a wand of lightning (10)
Scrolls
 i - a scroll of fear
 j - 3 scrolls of immolation
 p - 9 scrolls of blinking
 r - 3 scrolls of enchant weapon
 w - 6 scrolls of teleportation
 y - 4 scrolls of recharging
 B - 9 scrolls of remove curse
 D - 4 scrolls of enchant armour
Potions
 d - 2 potions of might
 h - 6 potions of curing
 l - a potion of agility
 z - a potion of cure mutation
 C - 2 potions of ambrosia
 H - a potion of cancellation {unknown}
 I - a potion of invisibility {unknown}
 J - a potion of beneficial mutation {unknown}
Comestibles
 c - 2 chunks of flesh
 e - 11 bread rations
 k - 2 meat rations
 t - 2 fruits
 E - a beef jerky
 K - a royal jelly


   Skills:
 + Level 11.6(15.8) Fighting
 + Level 12.3(16.5) Axes
 + Level 10.9(15.1) Armour
   Level 3.2(7.6) Shields
 + Level 7.8(7.2) Invocations


You had 10 spell levels left.
You didn't know any spells.

Dungeon Overview and Level Annotations

Branches:
Dungeon (10/15)            Temple (1/1) D:7            Lair (0/8) D:10
    Orc (2/4) D:10

Altars:
Ashenzari
Cheibriados
Dithmenos
Elyvilon
Fedhas
Gozag
Kikubaaqudgha
Makhleb
Nemelex Xobeh
Okawaru
Qazlal
Ru
Sif Muna
Trog
Vehumet
Xom
Yredelemnul
Zin
The Shining One

Shops:
D:4 [   D:8 }   D:10 [


Message History

You feel much better. The orc warrior closely misses you.
You closely miss the orc knight.
The orc knight is heavily wounded.
The orc knight hits you with an enchanted war axe.
You closely miss the orc knight.
The orc knight is heavily wounded.
The orc warrior hits you but does no damage.
The orc knight closely misses you.
Your chain mail prevents you from hitting the orc knight.
The orc knight is heavily wounded.
The orc warrior hits you from afar with a glaive!!
* * * LOW HITPOINT WARNING * * *
Drink which item? (? for menu, Esc to quit)
You feel agile all of a sudden. The orc knight completely misses you.
Drink which item? (? for menu, Esc to quit)
You feel very mighty all of a sudden. The orc knight completely misses you.
The orc warrior hits you from afar with a glaive!!
You die...

#... #.#...#.## #.##
....###.......# ....
....#..[)...# ### .....
#........#.## ##.##...#
###..#..[#...####......#
##.....#......#$#......#
#...................)..###.
#.................o.)<.....
##.........##...@o#).......
#....##.#..#......##o......
#...##..[.....##.## ......>
#..#....)......### .>.....
......<[[.....## .......
#..#........#.## ...$... ..
###.........# ....... #
#...<>...## #........#


You could see an orc knight and an orc warrior (frenzied).

Vanquished Creatures
  Sonja (D:10)
  A troll (D:10)
  A two-headed ogre (D:10)
  6 yaks (D:9)
  A spriggan (D:7)
  A hungry ghost (D:10)
  4 wargs
  A water moccasin (D:9)
  17 orc warriors
  A necrophage (D:4)
  6 centaurs
  7 ogres
  3 giant frogs
  4 big kobolds
  A wyvern skeleton (D:8)
  2 scorpions
  The ghost of Fluffy the Skirmisher, a weakling HOFi (D:3)
  6 crimson imps
  A bog body (Ossuary)
  2 centaur zombies (Ossuary)
  5 giant frog zombies
  A jelly (D:6)
  17 orc priests
  3 giant frog skeletons
  9 hounds
  17 orc wizards
  A centaur skeleton (D:10)
  Jessica (D:3)
  3 iguanas
  Natasha (thrice) (D:3)
  5 worker ants
  6 hound zombies (Ossuary)
  9 mummies (Ossuary)
  A hound skeleton (D:9)
  3 worker ant zombies
  11 adders
  3 shadow imps
  2 adder zombies (Ossuary)
  7 oozes
  3 adder skeletons
  6 worms
  5 giant geckos
  96 orcs
  16 bats
  3 bat zombies (Ossuary)
  10 giant cockroaches
  12 hobgoblins
  19 jackals
  33 kobolds
  2 ball pythons
  A giant cockroach zombie (Ossuary)
  A giant gecko zombie (Ossuary)
  5 giant newts
  15 goblins
  2 quokka zombies
  19 rats
422 creatures vanquished.

Vanquished Creatures (others)
  A plant (Ossuary)
1 creature vanquished.

Grand Total: 423 creatures vanquished

Notes
Turn   | Place    | Note
--------------------------------------------------------------
     0 | D:1      | Fluffy the Hill Orc Fighter began the quest for the Orb.
     0 | D:1      | Reached XP level 1. HP: 19/19 MP: 1/1
     1 | D:1      | Found a runed door.
   288 | D:1      | Reached XP level 2. HP: 27/27 MP: 2/2
   783 | D:1      | Reached skill level 4 in Fighting
   896 | D:1      | Reached XP level 3. HP: 18/33 MP: 3/3
   933 | D:1      | Reached XP level 4. HP: 22/41 MP: 4/4
  1346 | D:2      | Found an opulent altar of Gozag.
  1447 | D:2      | Reached XP level 5. HP: 44/47 MP: 5/5
  1746 | D:3      | Noticed Fluffy's ghost (weakling HOFi)
  1765 | D:3      | Killed Fluffy's ghost
  1765 | D:3      | Reached skill level 5 in Fighting
  1765 | D:3      | Reached skill level 5 in Axes
  2082 | D:3      | Noticed Natasha
  2088 | D:3      | Killed Natasha
  2093 | D:3      | Noticed Jessica
  2100 | D:3      | Killed Jessica
  2409 | D:3      | Noticed Natasha
  2414 | D:3      | Killed Natasha
  2414 | D:3      | Reached XP level 6. HP: 56/56 MP: 6/6
  2647 | D:3      | Noticed Natasha
  2653 | D:3      | Killed Natasha
  2700 | D:3      | Found a sacrificial altar of Ru.
  2700 | D:3      | Found a white marble altar of Elyvilon.
  2701 | D:3      | Found a blossoming altar of Fedhas.
  2771 | D:4      | Found a bloodstained altar of Trog.
  2811 | D:4      | Reached skill level 5 in Armour
  3085 | D:4      | Reached skill level 6 in Axes
  3147 | D:4      | Reached XP level 7. HP: 60/63 MP: 7/7
  3462 | D:4      | Found Lewk's Armour Emporium.
  3507 | D:4      | Reached skill level 7 in Axes
  4044 | D:5      | Entered Level 5 of the Dungeon
  4074 | D:5      | Reached XP level 8. HP: 35/71 MP: 8/8
  4166 | D:5      | Found a sand-covered staircase.
  4171 | Ossuary  | Entered an ossuary
  4386 | Ossuary  | Reached skill level 8 in Axes
  5851 | D:6      | Reached skill level 9 in Axes
  5851 | D:6      | Reached XP level 9. HP: 82/82 MP: 9/9
  7148 | D:7      | Reached skill level 10 in Axes
  7343 | D:7      | Found a staircase to the Ecumenical Temple.
  7352 | Temple   | Entered the Ecumenical Temple
  7485 | Temple   | Became a worshipper of Warmaster Okawaru
  8136 | D:7      | Reached skill level 1 in Invocations
  8494 | D:8      | Identified a scroll of acquirement
  8495 | D:8      | Got a pair of faintly humming gloves
  8506 | D:8      | Identified the +1 pair of gloves of Minor Irritation {+Fly rPois Str+2 Int-3} (You acquired it on level 8 of the Dungeon)
  8679 | D:8      | Found a deep blue altar of Sif Muna.
  8821 | D:8      | Reached skill level 10 in Fighting
  8862 | D:8      | Found Podghit's Gadget Boutique.
  8881 | D:8      | Reached XP level 10. HP: 93/93 MP: 12/12
  8895 | D:8      | Acquired Okawaru's first power
  9515 | D:9      | Reached skill level 11 in Axes
 10015 | D:9      | Reached skill level 5 in Invocations
 10265 | D:10     | Entered Level 10 of the Dungeon
 10265 | D:10     | Noticed Sonja
 10299 | D:10     | Killed Sonja
 10534 | D:10     | Found Dent's Antique Armour Shop.
 10538 | D:10     | Bought a shiny helmet for 144 gold pieces
 10576 | D:10     | Reached skill level 10 in Armour
 10783 | D:10     | Found a staircase to the Lair.
 10871 | D:10     | Reached XP level 11. HP: 102/102 MP: 15/15
 11048 | D:10     | Reached skill level 12 in Axes
 11049 | D:10     | Found a staircase to the Orcish Mines.
 11464 | Orc:1    | Entered Level 1 of the Orcish Mines
 12345 | Orc:2    | Noticed an orc knight
 12375 | Orc:2    | Demolished by an orc warrior

Vault maps used:
D:1:      dpeg_arrival_caged_fury, hangedman_decor_slide_cut,
          hangedman_abyss_or_decor_stabs
D:2:      grunt_gozag_statues, hex_intersection
D:3:      gammafunk_temple_overflow_claw, uniq_jessica, uniq_natasha
D:4:      old_standard_altar, serial_shops, kennysheep_mini_moat
D:5:      first_bread, enter_ossuary_5, hangedman_decor_lopped,
          kennysheep_generic_room_15
D:7:      minmay_temple_entry_poolview, the_bakery
D:8:      nicolae_overflow_hidden_temple, serial_shops,
          nicolae_shop_behind_doors
D:10:     erik_lair_orcish_takeover, david_orc_4, serial_shops, shop, uniq_sonja
Temple:   nicolae_temple_figure_eight
Orc:1:    mines2_lemuel
Orc:2:    minmay_orc_temple_a, uniq_harold, uniq_rupert
Ossuary:  ossuary_zaba_flooded

Action                   |  1- 3 |  4- 6 |  7- 9 | 10-12 || total
-------------------------+-------+-------+-------+-------++-------
Melee: War axe           |   109 |   242 |   545 |   315 ||  1211
       Unarmed           |       |       |       |    25 ||    25
       Battleaxe         |       |       |       |   129 ||   129
Invok: Heroism           |       |       |       |     2 ||     2
Evoke: Wand              |       |       |       |     2 ||     2
  Use: Scroll            |       |       |    22 |     3 ||    25
       Potion            |       |       |     1 |     4 ||     5
  Eat: Chunk             |       |     8 |    18 |    13 ||    39
       Fruit             |       |       |     1 |       ||     1
       Royal jelly       |       |       |       |     2 ||     2
